 Dungeon Crawl Stone Soup version 0.31-a0-819-gf6de2f5ab6 (webtiles) character file.

Game seed: 1118103442229232158

0 Dano1871 the Conjurer (level 1, 0/13 HPs)
             Began as a Human Conjurer on Sept 24, 2023.
             Slain by a jackal (2 damage)
             ... on level 1 of the Dungeon.
             The game lasted 00:02:02 (28 turns).

Dano1871 the Conjurer (Human Conjurer)                Turns: 28, Time: 00:02:03

Health: 0/13       AC:  2    Str:  7    XL:     1   Next: 11%
Magic:  3/3        EV: 12    Int: 18    God:
Gold:   0          SH:  0    Dex: 11    Spells: 3/4 levels left

rFire   . . .        (no weapon)
rCold   . . .        (no shield)
rNeg    . . .        a - +0 robe
rPois   .            (no helmet)
rElec   .            (no cloak)
rCorr   .            (no gloves)
SInv    .            (no boots)
Will    .....        (no amulet)
Stlth   +            (no ring)
HPRegen 0.22/turn    (no ring)
MPRegen 0.08/turn

%: no passive effects
@: very slow
A: no striking features
a: no special abilities


You were on level 1 of the Dungeon.
You visited 1 branch of the dungeon, and saw 1 of its levels.

Inventory:

Armour
 a - a +0 robe (worn)
Potions
 b - a potion of magic


   Skills:
 + Level 2.0 Dodging
 + Level 2.0 Stealth
 + Level 2.0 Spellcasting
 + Level 4.0 Conjurations


You had 3 spell levels left.
You knew the following spells:

 Your Spells              Type           Power      Damage    Failure   Level
a - Magic Dart            Conj           64%        1d6       3%          1

Your spell library contained the following spells:

 Spells                   Type           Power      Damage    Failure   Level
 Searing Ray              Conj           32%        2d5       5%          2
 Dazzling Flash           Conj/Hex       18%        N/A       24%         3
 Fulminant Prism          Conj/Hex       4%         3d5       61%         4
 Iskenderun's Mystic Bla  Conj/Tloc      9%         2d4       61%         4


Dungeon Overview and Level Annotations

Branches:
Dungeon (1/15)

Altars:


Message History

You see here a frilled lizard corpse.
You hit the jackal.
The jackal is lightly wounded.
The jackal closely misses you.
You closely miss the jackal.
The jackal is lightly wounded.
The jackal barely misses you.
You barely miss the jackal.
The jackal is lightly wounded.
The jackal barely misses you. The jackal completely misses you.
Your unstable footing causes you to fumble your attack.
The jackal barely misses you.
Your unstable footing causes you to fumble your attack.
The jackal bites you but does no damage.
The jackal bites you.
Your unstable footing causes you to fumble your attack.
The jackal barely misses you.
Your unstable footing causes you to fumble your attack.
The jackal bites you.
A goblin comes into view. It is wielding a +0 dagger.
You closely miss the jackal.
The jackal is lightly wounded.
The jackal bites you. x2
Your unstable footing causes you to fumble your attack.
The jackal barely misses you.
You hit the jackal but do no damage.
The jackal is lightly wounded.
The jackal barely misses you. The jackal misses you.
You completely miss the jackal.
The jackal is lightly wounded.
The jackal barely misses you.
Your unstable footing causes you to fumble your attack.
The jackal bites you. The goblin hits you with a +0 dagger.
Your unstable footing causes you to fumble your attack.
The jackal barely misses you. The goblin barely misses you.
The jackal bites you.
* * * LOW HITPOINT WARNING * * *
Your unstable footing causes you to fumble your attack.
The jackal bites you.
You die...

#..~8~~≈≈~~8~..
#..~~8~§~§8~~#
...≈~~####~~≈#
#≈≈~#<.#~≈≈#
#≈≈~#..#~≈≈#####
###≈~~#''#~~§.....
...~~8§§~~8~~.##
##.~8~§≈§~~8~.#
#..~~~≈§§≈@~~.#
.$.......gh##.#
#............ ..
#......###.##. ...
#...##. ... . ..
#... #. .... . ...
.....


You could see a jackal and a goblin.

Vanquished Creatures
  A frilled lizard (D:1)
1 creature vanquished.

Notes
Turn   | Place    | Note
-------+----------+-------------------------------------------
     0 | D:1      | Dano1871 the Human Conjurer began the quest for the Orb.
     0 | D:1      | Reached XP level 1. HP: 13/13 MP: 3/3
    28 | D:1      | Slain by a jackal

Illustrated notes

Levels and vault maps discovered:
D:1:      lightli_arrival_boilingwater, layout_basic, minmay_unequal

Action                     || total
---------------------------++-------
  Melee: Unarmed           ||    17
 Armour: Robe              ||    14
  Dodge: Dodged            ||    12

Table legend: (Time is in decaauts)
 A = Elapsed time spent in this place.
 B = Non-inter-level travel time spent in this place.
 C = Inter-level travel time spent in this place.
 D = Time resting spent in this place.
 E = Time spent auto-exploring this place.
 F = Levels seen in this place.
 G = Mean time per level.
                   A        B        C        D        E       F      G
               +--------+--------+--------+--------+--------+-----+--------+
         Total |     30 |     30 |      0 |      0 |      0 |   1 |   30.0 |
       Dungeon |     30 |     30 |      0 |      0 |      0 |   1 |   30.0 |
               +--------+--------+--------+--------+--------+-----+--------+

Top non-repeatable levels by time:
     D:1: 30 daAuts
